 Dungeon Crawl Stone Soup version 0.24-a0-528-g98e85ec (webtiles) character file.

Game seed: 18294071363854734160

175 Gunnerkreig the Sneak (level 5, -8/35 HPs)
             Began as an Octopode Wizard on Aug 5, 2019.
             Killed by nerve-wracking pain
             ... invoked by Grinder
              (13 damage)
             ... on level 3 of the Dungeon.
             The game lasted 00:07:09 (2995 turns).

Gunnerkreig the Sneak (Octopode Wizard)             Turns: 2995, Time: 00:07:10

Health: -8/35      AC:  1    Str:  6    XL:     5   Next: 55%
Magic:  8/10       EV: 13    Int: 21    God:
Gold:   93         SH:  0    Dex: 11    Spells: 2/11 levels left

rFire    . . .     SeeInvis .   p - +0 dagger
rCold    . . .     Gourm    .   (no shield)
rNeg     . . .     Faith    .   a - +0 hat
rPois    .         Spirit   .   (no amulet)
rElec    .         Reflect  .   b - ring of stealth
rCorr    .         Harm     .   (no ring)
MR       .....                  (no ring)
Stlth    +++++.....             (no ring)
HPRegen  0.11/turn              (no ring)
MPRegen  0.12/turn              (no ring)
                                (no ring)
                                (no ring)

@: berserk cooldown, slowed, very slow
A: almost no armour, stealthy swim, amphibious, 8 rings, constrict 8, camouflage
1, gelatinous body 1
a: no special abilities


You were on level 3 of the Dungeon.
You were not hungry.

You visited 1 branch of the dungeon, and saw 4 of its levels.

You collected 93 gold pieces.

Inventory:

Hand Weapons
 p - a +0 dagger (weapon)
Missiles
 d - 60 bolts
 h - 20 poisoned darts (quivered)
 i - 65 stones
 s - 40 sling bullets
Armour
 a - a +0 hat (worn)
Jewellery
 b - a ring of stealth (left tentacle)
Scrolls
 e - a scroll of enchant weapon {unknown}
 g - a scroll of magic mapping {unknown}
 j - 2 scrolls of blinking {unknown}
 l - a scroll of immolation {unknown}
 m - 2 scrolls of amnesia {unknown}
 t - a scroll of identify
 u - a scroll of fog {unknown}
 w - a scroll of enchant armour {unknown}
Potions
 k - a potion of berserk rage
 n - a potion of invisibility
 o - a potion of haste
 q - 2 potions of curing {unknown}
 r - 3 potions of lignification
 v - a potion of magic {unknown}
Comestibles
 c - 7 rations
 f - a chunk of flesh


   Skills:
 + Level 2.3 Fighting
 - Level 2.0 Dodging
 + Level 4.6 Stealth
 + Level 3.8 Spellcasting
 + Level 2.6 Conjurations
 - Level 1.0 Summonings
   Level 1.0 Translocations


You had 2 spell levels left.
You knew the following spells:

 Your Spells              Type           Power        Failure   Level  Hunger
a - Magic Dart            Conj           ###.         4%          1    None
b - Conjure Flame         Conj/Fire      #.......     22%         3    ###....
c - Mephitic Cloud        Conj/Pois/Air  #.......     26%         3    ###....
w - Call Imp              Summ           #.......     12%         2    ##.....

Your spell library contained the following spells:

 Spells                   Type           Power        Failure   Level  Hunger
 Blink                    Tloc           N/A          12%         2    ##.....
 Slow                     Hex            #.......     19%         2    ##.....


Dungeon Overview and Level Annotations

Branches:
Dungeon (4/15)
 Temple: D:4-7

Altars:

Annotations:
D:3 Grinder


Innate Abilities, Weirdness & Mutations

You cannot wear most types of armour.
You are very stealthy in the water. (Stealth+)
You are amphibious.
You can wear up to eight rings at the same time.
You can use your tentacles to constrict eight enemies at once.
Your skin changes colour to match your surroundings (Stealth+).
Your rubbery body absorbs attacks. (AC +1, EV +1)


Message History

Press: ? - help, Shift-Dir - straight line, f - goblin
Aim: a goblin, wielding a +0 club (heavily wounded)
The magic dart hits the goblin.
You kill the goblin!
The rat barely misses you.
Casting: Magic Dart (safe; 4% risk of failure)
Confirm with . or Enter, or press ? or * to list all spells.
Aiming: Magic Dart (safe; 4% risk of failure)
Press: ? - help, Shift-Dir - straight line, f - rat
Aim: a rat The magic dart hits the rat.
You kill the rat!
You start resting.
Grinder is too close now for your liking.
Grinder barely misses you.
Things that are here:
a +0 club; a rat corpse; a goblin corpse Grinder gestures at you.
Pain shoots through your body!
You die...

....# #....<....
###...###.###..###
.....##..........
#.†.##.†###.....
#...##........##
###.......###..###
#.5†#........... .
#)#.......#....# #
#@#.............
#.#.......##.###
..###.....# .#
##.# #.....# #.#
##.#..# #.# ....#
... . ..# .


You could see Grinder.

Vanquished Creatures
  A howler monkey (D:3)
  Natasha (twice) (D:3)
  An adder (D:2)
  A worm (D:3)
  A dart slug (D:3)
  2 leopard geckos
  A ball python (D:3)
  16 bats
  6 giant cockroaches
  3 goblins
  10 hobgoblins
  3 jackals (D:1)
  2 quokkas
  3 frilled lizards
  6 kobolds
  14 rats
72 creatures vanquished.

Notes
Turn   | Place    | Note
-------+----------+-------------------------------------------
     0 | D:1      | Gunnerkreig the Octopode Wizard began the quest for the
                  | Orb.
     0 | D:1      | Reached XP level 1. HP: 11/11 MP: 4/4
   270 | D:1      | Reached skill level 3 in Stealth
   563 | D:1      | Reached XP level 2. HP: 18/18 MP: 4/6
  1151 | D:1      | Reached skill level 1 in Fighting
  1244 | D:2      | Reached XP level 3. HP: 22/23 MP: 1/7
  2090 | D:2      | You fall into a shaft and drop 2 floors!
  2109 | D:3      | Reached XP level 4. HP: 28/28 MP: 5/9
  2114 | D:3      | Learned a level 3 spell: Conjure Flame
  2118 | D:3      | Learned a level 3 spell: Mephitic Cloud
  2121 | D:3      | Learned a level 2 spell: Call Imp
  2343 | D:3      | Reached skill level 4 in Stealth
  2751 | D:3      | Reached XP level 5. HP: 34/34 MP: 0/10
  2839 | D:3      | Noticed Natasha
  2856 | D:3      | Killed Natasha
  2967 | D:3      | Noticed Natasha
  2978 | D:3      | Noticed Grinder
  2985 | D:3      | Killed Natasha
  2995 | D:3      | Killed from afar by Grinder

Levels and vault maps discovered:
D:1:      roderic_crossed_star, layout_basic
D:2:      layout_rooms
D:3:      layout_loops_ring, roderic_batcave, uniq_grinder, uniq_natasha,
          uniq_ijyb
D:4:      layout_layer_cave, first_ration

Skill      XL: |  1  2  3  4 |
---------------+-------------+-----
Stealth        | 3 4 |  4.6
Fighting       | 1 2 |  2.3
Conjurations   | 2 |  2.6
Dodging        | |  2.0
Spellcasting   | |  3.8
Summonings     | |  1.0
Translocations | |  1.0

Action                   |  1- 3 |  4- 6 || total
-------------------------+-------+-------++-------
Melee: Unarmed           |    17 |       ||    17
       Constrict         |    13 |    10 ||    23
       Tentacles         |     8 |     1 ||     9
       Dagger            |    29 |    39 ||    68
 Cast: Magic Dart        |    79 |    50 ||   129
  Use: Scroll            |     3 |     2 ||     5
       Potion            |       |     1 ||     1
 Stab: Sleeping          |       |     3 ||     3
  Eat: Chunk             |     3 |     3 ||     6
Armor: Skin              |     1 |    14 ||    15
Dodge: Dodged            |    34 |    33 ||    67

Table legend:
 A = Non-vault XP
 B = Vault XP
 C = Vault XP percentage of total XP
 D = Non-vault monster count
 E = Vault monster count
 F = Vault count percentage of total count
                 A         B        C        D         E       F
            +---------+---------+-------+---------+---------+-------
      Total |     202 |      49 |  19.5 |      61 |      11 |  15.3
            +---------+---------+-------+---------+---------+-------
        D:1 |      28 |       0 |   0.0 |      18 |       0 |   0.0
        D:2 |      51 |       0 |   0.0 |      25 |       0 |   0.0
        D:3 |     122 |      49 |  28.7 |      17 |      11 |  39.3
        D:4 |       1 |       0 |   0.0 |       1 |       0 |   0.0
            +---------+---------+-------+---------+---------+-------
